 Seeded DCSS version 0.28.0-53-g5a82cb258f (webtiles) character file.

Game seed: 10018966548579953305 (custom seed)

156 Kranky the Skirmisher (level 5, 0/38 HPs)
             Began as an Octopode Fighter on June 20, 2022.
             Slain by an orc
             ... wielding the +7 war axe of the Silent Majority {spect, rElec rC- rN++ Will+}
              (8 damage)
             ... on level 2 of the Dungeon.
             The game lasted 00:02:29 (1497 turns).

Kranky the Skirmisher (Octopode Fighter)            Turns: 1497, Time: 00:02:29

Health: 0/38       AC:  1    Str: 15    XL:     5   Next: 37%
Magic:  5/5        EV: 13    Int: 10    God:
Gold:   171        SH:  5    Dex: 14    Spells: 4/4 levels left

rFire   . . .      SeeInvis .   a - +0 flail
rCold   . . .      Faith    .   b - +0 buckler
rNeg    . . .      Spirit   .   (helmet restricted)
rPois   .          Reflect  .   (no amulet)
rElec   .          Harm     .   h - ring of flight
rCorr   .          Rampage  .   (no ring)
Will    .....                   (no ring)
Stlth   +++.......              (no ring)
HPRegen 0.12/turn               (no ring)
MPRegen 0.09/turn               (no ring)
                                (no ring)
                                (no ring)

@: flying
A: almost no armour, amphibious, 8 rings, camouflage 1, gelatinous body 1,
(nimble swimmer 1), tentacles
a: no special abilities


You were on level 2 of the Dungeon.
You visited 1 branch of the dungeon, and saw 4 of its levels.

You collected 171 gold pieces.

Inventory:

Hand Weapons
 a - a +0 flail (weapon)
Missiles
 d - 3 poisoned darts (quivered)
Armour
 b - a +0 buckler (worn)
Jewellery
 h - a ring of flight (left tentacle)
Wands
 l - a wand of paralysis (7)
Scrolls
 j - a scroll of brand weapon {unknown}
Potions
 c - a potion of might
 e - 3 potions of curing {unknown}
 f - a potion of haste {unknown}
 g - 2 potions of cancellation {unknown}
 i - a potion of heal wounds {unknown}
 k - 2 potions of flight {unknown}


   Skills:
 + Level 4.9 Fighting
 - Level 2.0 Maces & Flails
 + Level 3.3 Dodging
 - Level 3.0 Stealth
 + Level 3.3 Shields


You had 4 spell levels left.
You didn't know any spells.
Your spell library contained the following spells:

 Spells                   Type           Power      Damage    Failure   Level
 Sublimation of Blood     Necr           0%         N/A       58%         2
 Petrify                  Tmut/Erth      0%         N/A       99%         4
 Irradiate                Conj/Tmut      0%         3d14      100%        5


Dungeon Overview and Level Annotations

Branches:
Dungeon (4/15)
 Temple: D:4-7

Altars:
Qazlal

Shops:
D:1 [


Innate Abilities, Weirdness & Mutations

You cannot wear most types of armour.
You are amphibious.
You can wear up to eight rings at the same time.
Your skin changes colour to match your surroundings (Stealth+).
Your rubbery body absorbs attacks. (AC +1, EV +1)
((You are camouflaged when in or above water. (Stealth+)))
You have tentacles for arms and can constrict up to eight enemies at once.


Message History

The bat moves out of view.
You start resting.
An orc is nearby!
The orc shouts!
You hear a shout!
The bat hits you.
You hit the bat. Your grab misses the bat. Your squeeze misses the bat.
The bat is heavily wounded.
The bat hits you.
You closely miss the bat. Your grab misses the bat.
Your squeeze misses the bat.
The bat is heavily wounded.
The bat closely misses you. The bat misses you.
You sock the bat!
You kill the bat!
The orc closely misses you.
The orc wizard shouts!
You hit the orc. You grab the orc.
The orc is lightly wounded.
You constrict the orc.
The orc hits you with the +7 war axe of the Silent Majority {spect, rElec rC- rN++ Will+}!
The orc wizard gestures wildly while chanting.
The orc wizard flickers and vanishes!
Deactivating autopickup; reactivate with Ctrl-A.
The orc barely misses you.
You release your grip on the orc.
The orc barely misses you.
There is a stone staircase leading down here.
The orc closely misses you. Something hits you.
* * * LOW HITPOINT WARNING * * *
Found a stone staircase leading up.
The quokka bites you.
* * * LOW HITPOINT WARNING * * *
The quokka bites you.
* * * LOW HITPOINT WARNING * * *
You block the quokka's attack. The bat barely misses you.
There is a stone staircase leading up here.
The bat misses you. x2; The quokka closely misses you.
The orc hits you with the +7 war axe of the Silent Majority {spect, rElec rC- rN++ Will+}!
You die...

.. ... ....
..... ...
....######......
.# #S.....
...... ## #....#
.....<
####..b@##......
.
......or#.......
..
####............
... #...o..#####
... #######...#
...
#....#..#.###
####......##...
..#....o###.#.#
#......#....#.#


You could see 2 orcs, a quokka, a bat and a ball python (asleep).

Vanquished Creatures
  Terence (D:2)
  Ijyb (D:3)
  An iguana (D:4)
  A hound skeleton (D:4)
  3 adders
  A dart slug (D:1)
  2 orcs (D:1)
  3 bats
  4 endoplasms
  5 goblins
  5 hobgoblins (D:1)
  2 kobolds (D:1)
  A quokka (D:1)
  4 ball pythons
  A frilled lizard (D:1)
  A rat (D:1)
36 creatures vanquished.

Notes
Turn   | Place    | Note
-------+----------+-------------------------------------------
     0 | D:1      | Kranky the Octopode Fighter began the quest for the Orb.
     0 | D:1      | Reached XP level 1. HP: 16/16 MP: 1/1
    24 | D:1      | Reached skill level 1 in Stealth
    67 | D:1      | Reached XP level 2. HP: 15/21 MP: 2/2
   511 | D:1      | Found a faded altar of an unknown god.
   534 | D:1      | Reached XP level 3. HP: 23/26 MP: 3/3
   819 | D:1      | Found Feamput's Armour Emporium.
   846 | D:2      | Noticed Terence
   852 | D:2      | Killed Terence
   853 | D:2      | Reached skill level 4 in Fighting
   859 | D:1      | Reached XP level 4. HP: 26/34 MP: 4/4
  1088 | D:2      | You fall into a shaft and drop 2 floors!
  1088 | D:4      | Found a stormy altar of Qazlal.
  1232 | D:4      | Reached XP level 5. HP: 26/38 MP: 5/5
  1344 | D:3      | Noticed Ijyb
  1350 | D:3      | Paralysed by Ijyb for 5 turns
  1356 | D:3      | Killed Ijyb
  1474 | D:2      | Identified the +7 war axe of the Silent Majority {spect,
                  | rElec rC- rN++ Will+}
  1497 | D:2      | Slain by an orc

Illustrated notes

Levels and vault maps discovered:
D:1:      ncdulo_wetmaze, layout_rooms, hellmonk_ecumenical_altar_run_dry,
          serial_shops, nicolae_diamond_shop
D:2:      layout_rooms, uniq_terence
D:3:      minmay_razor_zed, layout_rooms, uniq_ijyb
D:4:      layout_loops_cross, amcnicky_altar_gilded

Skill      XL: |  1  2  3 |
---------------+----------+-----
Stealth        | 1 2 3 |  3.0
Fighting       | 4 |  4.9
Maces & Flails | |  2.0
Dodging        | |  3.3
Shields        | |  3.3

Action                   |  1- 3 |  4- 6 || total
-------------------------+-------+-------++-------
Melee: Flail             |    39 |    27 ||    66
       Constrict         |    11 |     7 ||    18
       Tentacles         |     9 |     8 ||    17
       Punch             |       |     1 ||     1
 Stab: Sleeping          |     3 |     2 ||     5
Armor: Skin              |     2 |     2 ||     4
Dodge: Dodged            |    16 |    22 ||    38
Block: Buckler           |     6 |     8 ||    14
